 Dungeon Crawl Stone Soup version 0.27-a0-984-g00e00afbbc (webtiles) character file.

Game seed: 18405869217868186180

49548 Morbidden the Grappler (level 14, -5/76 (77) HPs)
             Began as a Vine Stalker Berserker on Apr 15, 2021.
             Was a High Priest of Trog.
             Slain by a manticore (11 damage)
             ... summoned by a boggart
             ... on level 15 of the Dungeon.
             The game lasted 00:23:39 (13925 turns).

Morbidden the Grappler (Vine Stalker Berserker)    Turns: 13925, Time: 00:23:40

HP:   -5/76 (77)    AC: 12    Str: 23    XL:     14   Next: 51%
MP:   0/24          EV: 17    Int: 11    God:    Trog [*****.]
Gold: 808           SH: 12    Dex: 15    Spells: 13/13 levels left

rFire    . . .     SeeInvis +     - Unarmed
rCold    + . .     Faith    .   E - +1 buckler {rC+}
rNeg     . . .     Spirit   +   k - +2 troll leather armour
rPois    .         Reflect  +   c - +0 helmet
rElec    .         Harm     .   u - +0 cloak
rCorr    .         Rampage  .   C - +0 pair of gloves {Str+3}
Will     ++...                  v - +1 pair of boots {Stlth+}
Stlth    +++++.....             F - amulet of Toypefiw {Reflect Will+ SH+5}
HPRegen  2.22/turn              b - ring of see invisible
MPRegen  0.19/turn              r - ring of magical power

@: lightly drained
A: fangs 3, regeneration 1, magic shield, antimagic bite, no potion heal 2
a: Renounce Religion, Berserk, Trog's Hand, Brothers in Arms


You were on level 15 of the Dungeon.
You worshipped Trog.
Trog was extremely pleased with you.
You visited 1 branch of the dungeon, and saw 15 of its levels.
You also visited: Sewer and Ice Cave.

You collected 989 gold pieces.
You spent 181 gold pieces at shops.

Inventory:

Hand Weapons
 m - a +2 demon blade of flaming
Missiles
 o - 2 atropa-tipped darts
 A - 2 throwing nets
 I - 226 arrows
Armour
 c - a +0 helmet (worn)
 k - a +2 troll leather armour (worn)
 u - a +0 cloak (worn)
 v - a +1 pair of boots of stealth (worn)
 C - a +0 pair of gloves of strength (worn)
 E - a +1 buckler of cold resistance (worn)
Jewellery
 b - a ring of see invisible (left hand)
 p - a +6 ring of dexterity
 r - a ring of magical power (right hand)
 y - a ring of positive energy
 z - a ring of protection from fire
 F - the amulet of Toypefiw (around neck) {Reflect Will+ SH+5}
   (You found it in an ice cave)

   [amulet of reflection]

   It reflects blocked missile attacks.
   It affects your SH (+5).
   It increases your willpower.
Wands
 h - a wand of digging (1)
 i - a wand of acid (9)
 q - a wand of paralysis (18)
 x - a wand of iceblast (27)
 D - a wand of flame (21)
Scrolls
 d - a scroll of brand weapon
 g - 14 scrolls of identify
 l - 3 scrolls of fear
 n - 5 scrolls of amnesia
 t - a scroll of enchant weapon
 B - 8 scrolls of teleportation
 G - a scroll of torment
Potions
 a - a potion of magic
 e - 10 potions of curing {unknown}
 f - 9 potions of flight
 j - 2 potions of mutation {unknown}
 s - 3 potions of haste
 w - 3 potions of brilliance
 J - a potion of resistance


   Skills:
 * Level 10.4 Fighting
 + Level 5.0 Armour
 * Level 10.5 Dodging
 + Level 9.4 Stealth
 + Level 6.0 Shields
 + Level 14.9 Unarmed Combat
 + Level 0.4 Spellcasting
 + Level 1.3 Evocations


You had 13 spell levels left.
You didn't know any spells.
Your spell library was empty.

Dungeon Overview and Level Annotations

Branches:
Dungeon (15/15)            Temple (0/1) D:7            Lair (0/6) D:8
    Orc (0/2) D:12         Vaults (0/5) D:13         Depths (0/5) D:15
  Sewer (visited)           IceCv (visited)

Altars:
Elyvilon
Fedhas
Gozag
Kikubaaqudgha
Nemelex Xobeh
Okawaru
Qazlal
Ru
Uskayaw
Vehumet
Wu Jian
Zin

Shops:
D:2 *   D:9 (

Annotations:
D:3 , 2 transporters, onwiheg's ghost, amateur FoFi


Innate Abilities, Weirdness & Mutations

You have razor-sharp teeth.
Your natural rate of healing is unusually fast.
When hurt, damage is shared between your health and your magic reserves.
Your bite disrupts and absorbs the magic of your enemies.
Potions cannot restore your health.


Message History

The manticore claws you but does no damage.
You block the manticore's attack. The manticore bites you!
You block the manticore's attack.
The manticore claws you but does no damage.
Unknown command.
The manticore completely misses you. You block the manticore's attack.
The manticore claws you.
Unknown command.
The manticore barely misses you. x2
The manticore claws you but does no damage.
Unknown command.
The manticore bites you. The manticore closely misses you.
The manticore completely misses you. The manticore bites you!
The manticore closely misses you. The manticore barely misses you.
Unknown command.
The manticore bites you. The manticore claws you! The manticore misses you.
Unknown command.
The manticore closely misses you. The manticore claws you!
* * * LOW HITPOINT WARNING * * *
The manticore claws you but does no damage.
You block the manticore's attack. The manticore claws you!
* * * LOW HITPOINT WARNING * * *
The manticore misses you.
Unknown command.
The manticore bites you but does no damage.
The manticore misses you. The manticore claws you.
* * * LOW HITPOINT WARNING * * *
Unknown command.
Unknown command.
Okay, then.
You punch the manticore! You bite the manticore. You drain its power.
The manticore is heavily wounded.
The manticore barely misses you. The manticore claws you!
* * * LOW HITPOINT WARNING * * *
You block the manticore's attack.
You closely miss the manticore. You bite the manticore. You drain its power.
The manticore is severely wounded.
The manticore bites you!
You die...

###########################
...............H@.........#
...........######.........#
####..###..# #..#####..# #
#..# #..# #..# #.)# # #..#
#..# #..# #..# # #..# #..#
#..# #..# # #..# #..# #..#
#..# # #..# #..# #..# #..#
# #..# #..# #..# #..#


You could see a manticore (summoned).

Vanquished Creatures
  Rupert (D:14)
  Nessos (D:14)
  A hydra (D:14)
  5 centaur warriors
  A boulder beetle (D:14)
  A dancing weapon (D:13)
  9 two-headed ogres
  3 skeletal warriors (D:13)
  3 wizards
  A necromancer (D:15)
  An orc knight (D:15)
  A deep elf zephyrmancer (D:15)
  A wolf spider zombie (D:15)
  5 deep elf pyromancers
  17 ugly things
  A manticore (D:11)
  2 ice statues (IceCv)
  4 cyclopes
  5 centaur zombies
  Joseph (D:7)
  2 centaur skeletons (D:15)
  A gargoyle (D:12)
  2 unseen horrors
  2 yaktaurs
  2 komodo dragons
  8 ice devils (IceCv)
  4 trolls
  Grinder (D:3)
  12 slime creatures
  A centaur simulacrum (D:14)
  Sigmund (D:3)
  A wraith (D:13)
  A vampire (D:12)
  A shadow (D:12)
  7 yaks
  2 wyverns
  2 basilisks
  A human (shapeshifter) (D:14)
  A steam dragon (D:7)
  11 vampire mosquitoes
  Menkaure (D:6)
  A warg (D:15)
  4 acid dragons
  3 water moccasins
  2 orc warriors (D:9)
  2 black bears
  A necrophage (D:4)
  8 centaurs
  2 phantoms
  3 boggarts (D:15)
  A kobold brigand (D:8)
  A wyvern zombie (D:8)
  2 bullfrogs
  A gnoll sergeant (D:12)
  4 scorpions
  A killer bee (D:10)
  4 wights (D:9)
  9 electric eels (D:10)
  A howler monkey (D:11)
  A bullfrog zombie (D:5)
  2 hounds
  4 orc priests
  Crazy Yiuf (D:5)
  A gnoll shaman (D:9)
  A bullfrog skeleton (D:7)
  2 iguanas (D:5)
  Ijyb (D:5)
  11 orc wizards
  2 killer bee zombies
  8 adders
  7 gnolls
  A river rat (D:3)
  26 white imps
  8 ufetubi (IceCv)
  An adder zombie (D:5)
  4 worms (D:3)
  2 dart slugs
  31 orcs
  14 ball pythons
  12 endoplasms
  3 giant cockroaches (D:3)
  2 goblins
  4 hobgoblins
  14 jackals
  14 kobolds
  2 quokkas
  7 bats
  3 frilled lizards
  A quokka skeleton (D:4)
  11 rats
379 creatures vanquished.

Vanquished Creatures (collateral kills)
  A reaper (IceCv)
  A hydra (D:15)
  2 yaks (D:9)
4 creatures vanquished.

Vanquished Creatures (others)
  A human (D:8)
  A white imp (IceCv)
  An ufetubus (IceCv)
  6 fungi (D:5)
  9 plants (D:10)
18 creatures vanquished.

Grand Total: 401 creatures vanquished

Notes
Turn   | Place    | Note
-------+----------+-------------------------------------------
     0 | D:1      | Morbidden the Vine Stalker Berserker began the quest for
                  | the Orb.
     0 | D:1      | Reached XP level 1. HP: 11/11 MP: 2/2
   366 | D:1      | Reached XP level 2. HP: 16/16 MP: 3/3
   801 | D:1      | Reached XP level 3. HP: 20/20 MP: 4/4
  1641 | D:2      | Found a radiant altar of Vehumet.
  1749 | D:2      | Found Seykaculidgh's General Store.
  1828 | D:2      | Noticed a water moccasin
  1842 | D:2      | Killed a water moccasin
  1843 | D:2      | Reached skill level 1 in Stealth
  1843 | D:2      | Reached skill level 4 in Unarmed Combat
  1843 | D:2      | Gained mutation: Your natural rate of healing is unusually
                  | fast. [Vine Stalker growth]
  1843 | D:2      | Reached XP level 4. HP: 13/25 MP: 5/5
  1843 | D:2      | Reached XP level 5. HP: 15/29 MP: 6/6
  1888 | D:2      | Reached ** piety under Trog
  2062 | D:2      | Found a faded altar of an unknown god.
  2118 | D:3      | Noticed Sigmund
  2125 | D:3      | Killed Sigmund
  2126 | D:3      | Reached XP level 6. HP: 27/33 MP: 3/7
  2150 | D:3      | Reached skill level 5 in Unarmed Combat
  2265 | D:3      | Noticed Grinder
  2278 | D:3      | Paralysed by Grinder for 5 turns
  2285 | D:3      | Killed Grinder
  2286 | D:3      | Reached XP level 7. HP: 37/37 MP: 6/8
  2456 | D:3      | Found a glowing drain.
  2473 | Sewer    | Entered a sewer
  2655 | D:3      | Found an opulent altar of Gozag.
  2680 | D:3      | Found a large runed translucent door.
  2681 | D:3      | Found a large runed translucent door.
  2681 | D:3      | You fall into a shaft and drop 1 floor!
  2708 | D:4      | Reached *** piety under Trog
  2723 | D:4      | Identified the +1 leather armour of Baldness {Dex+5}
  2777 | D:4      | Reached skill level 6 in Unarmed Combat
  2997 | D:4      | Gained mutation: You have razor-sharp teeth. [Vine Stalker
                  | growth]
  2997 | D:4      | Reached XP level 8. HP: 32/42 MP: 7/9
  3058 | D:5      | Entered Level 5 of the Dungeon
  3168 | D:5      | Reached skill level 1 in Shields
  3250 | D:5      | Noticed Ijyb
  3264 | D:5      | Killed Ijyb
  3376 | D:5      | Found a sparkling altar of Nemelex Xobeh.
  3642 | D:5      | Found a runed translucent door.
  3643 | D:5      | Noticed Crazy Yiuf
  3746 | D:5      | Reached skill level 5 in Fighting
  3809 | D:5      | Killed Crazy Yiuf
  3930 | D:2      | Bought a +1 pair of boots of stealth for 181 gold pieces
  4165 | D:3      | Found a glowing silver altar of Zin.
  4336 | D:3      | Noticed onwiheg's ghost (amateur FoFi)
  4337 | D:3      | Found a transporter.
  4346 | D:3      | Found a transporter.
  4457 | D:3      | Found a sacrificial altar of Ru.
  4462 | D:3      | Found a radiant altar of Vehumet.
  4617 | D:6      | Found a hide-covered altar of Uskayaw.
  4676 | D:6      | Noticed a yak
  4683 | D:6      | Noticed a yak
  4685 | D:6      | Noticed a yak
  4716 | D:6      | Killed a yak
  4717 | D:6      | Reached skill level 7 in Unarmed Combat
  4721 | D:6      | Killed a yak
  4722 | D:6      | Reached XP level 9. HP: 47/47 MP: 10/10
  4725 | D:6      | Reached skill level 5 in Dodging
  4770 | D:6      | Noticed Menkaure
  4779 | D:6      | Killed Menkaure
  4813 | D:6      | Found a stormy altar of Qazlal.
  4943 | D:6      | Identified the +0 scale mail of Inevitability {-Tele rC+
                  | Stlth+}
  5338 | D:7      | Reached **** piety under Trog
  5353 | D:7      | Noticed Joseph
  5366 | D:7      | Killed Joseph
  5367 | D:7      | Reached skill level 8 in Unarmed Combat
  5635 | D:7      | Found an ornate altar of the Wu Jian Council.
  5783 | D:7      | Reached skill level 5 in Stealth
  5947 | D:7      | Found a staircase to the Ecumenical Temple.
  5978 | D:7      | Reached XP level 10. HP: 40/53 MP: 8/11
  6209 | D:8      | Found a white marble altar of Elyvilon.
  6222 | D:8      | Noticed a two-headed ogre
  6228 | D:8      | Killed a two-headed ogre
  6229 | D:8      | Reached skill level 9 in Unarmed Combat
  6320 | D:8      | Found an ancient bone altar of Kikubaaqudgha.
  6785 | D:8      | Found a staircase to the Lair.
  7142 | D:9      | Found the +8 Vampire's Tooth {vamp}
  7145 | D:9      | Found Icettos's Antique Weapon Emporium.
  7287 | D:9      | Reached skill level 10 in Unarmed Combat
  7436 | D:9      | Reached ***** piety under Trog
  7532 | D:10     | Entered Level 10 of the Dungeon
  7592 | D:10     | Noticed a two-headed ogre
  7614 | D:10     | Killed a two-headed ogre
  7615 | D:10     | Reached XP level 11. HP: 58/58 MP: 12/12
  7715 | D:10     | Found a blossoming altar of Fedhas.
  7944 | D:10     | Found an iron altar of Okawaru.
  7944 | D:10     | Noticed a two-headed ogre
  7961 | D:10     | Killed a two-headed ogre
  8039 | D:10     | Noticed a two-headed ogre
  8047 | D:10     | Killed a two-headed ogre
  8851 | D:11     | Noticed a cyan ugly thing
  8881 | D:11     | Noticed a deep elf pyromancer
  8889 | D:11     | Killed a deep elf pyromancer
  8890 | D:11     | Reached skill level 11 in Unarmed Combat
  9096 | D:11     | Noticed a manticore
  9108 | D:11     | Killed a manticore
  9160 | D:11     | Killed a cyan ugly thing
  9161 | D:11     | Reached skill level 1 in Evocations
  9439 | D:12     | Found a staircase to the Orcish Mines.
  9444 | D:12     | Noticed a brown ugly thing
  9457 | D:12     | Killed a brown ugly thing
  9579 | D:12     | Noticed a cyclops
  9587 | D:12     | Killed a cyclops
  9601 | D:12     | Noticed a two-headed ogre
  9616 | D:12     | Killed a two-headed ogre
  9617 | D:12     | Reached XP level 12. HP: 49/64 MP: 13/13
  9632 | D:12     | Noticed a two-headed ogre
  9640 | D:12     | Killed a two-headed ogre
  9722 | D:12     | Reached skill level 12 in Unarmed Combat
  9973 | D:12     | Noticed a two-headed ogre
  9987 | D:12     | Killed a two-headed ogre
 10333 | D:13     | Noticed a two-headed ogre
 10337 | D:13     | Found a gate to the Vaults.
 10354 | D:13     | Found a frozen archway.
 10361 | D:13     | Received a gift from Trog
 10391 | IceCv    | Entered an ice cave
 11003 | IceCv    | Noticed a reaper
 11013 | IceCv    | Killed a reaper
 11021 | IceCv    | Identified the amulet of Toypefiw {Reflect Will+ SH+5}
 11269 | D:13     | Noticed a two-headed ogre
 11279 | D:13     | Killed a two-headed ogre
 11280 | D:13     | Reached skill level 13 in Unarmed Combat
 11383 | D:13     | Reached XP level 13. HP: 70/70 MP: 14/14
 11467 | D:13     | Received a gift from Trog
 11837 | D:14     | Noticed Nessos
 11856 | D:14     | Killed Nessos
 11882 | D:14     | Reached skill level 5 in Shields
 12168 | D:14     | Noticed Rupert
 12190 | D:14     | Killed Rupert
 12283 | D:14     | Reached skill level 10 in Dodging
 12283 | D:14     | Reached skill level 14 in Unarmed Combat
 12362 | D:14     | Reached XP level 14. HP: 42/76 MP: 15/15
 12544 | D:14     | Reached skill level 10 in Fighting
 13200 | D:15     | Entered Level 15 of the Dungeon
 13604 | D:15     | Reached skill level 5 in Armour
 13623 | D:15     | Found a staircase to the Depths.
 13787 | D:15     | Found a sparkling altar of Nemelex Xobeh.
 13820 | D:15     | Received a gift from Trog
 13925 | D:15     | Slain by a manticore

Illustrated notes

Levels and vault maps discovered:
D:1:      mrwooster_arrival_arrow, layout_loops_ring, chequers_garden,
          minmay_misc_feat_iff
D:2:      layout_rooms, basic_altar, shapermc_ecumenical_altar_mp_highgroup,
          serial_shops, shop, st_stairs_11, hangedman_decor_push
D:3:      layout_basic, pdpol_temple_overflow_zin_treasury_gozag_greed,
          jmf_multi_god_temple2, gup_sewer_entry_spiral, gammafunk_ghost_smash,
          uniq_grinder, uniq_sigmund
D:4:      layout_rooms, minmay_fractal_squares_gapless_5
D:5:      old_forge, layout_rooms, lemuel_tele_altar, kennysheep_pointless_box,
          kennysheep_another_room, uniq_crazy_yiuf_cottage, uniq_ijyb
D:6:      layout_gridville, lemuel_doored_altar, grunt_qazlal_clouds,
          uniq_menkaure
D:7:      black_bear_nest_1, layout_basic, nicolae_wu_jian_immortal_techniques,
          minmay_temple_entry_offerings, ebering_dispersal_statue_hall,
          uniq_joseph
D:8:      layout_cave_pods, tgw_kikubaaqudgha, elyvilon_altar_4,
          lair_entry_dummy
D:9:      layout_big_octagon, serial_shops, shop
D:10:     layout_basic, kennysheep_mini, okawaru_ov_weapons_minmay,
          serial_bayou, serial_bayou_pond_c, serial_bayou_pond_b,
          serial_bayou_pond_d, serial_bayou_shore_b, serial_bayou_pond_d,
          serial_bayou_lake_a
D:11:     layout_small_grid
D:12:     layout_gridville, orc_0_dummy, serial_glass, glass_columns_b,
          glass_columns_b, glass_columns_a, glass_columns_a, glass_columns_a,
          glass_columns_a, glass_columns_a, glass_columns_a, glass_columns_a,
          glass_columns_a, glass_columns_c, glass_columns_c, glass_columns_a,
          glass_columns_b
D:13:     layout_roguey, erik_vaults_1, portal_ice_cave_entry_imps
D:14:     layout_roguey, serial_co_window_serial, co_window_paths_b,
          co_window_of_opportunity_a, co_window_paths_a, co_window_paths_a,
          co_window_corner_a, co_window_paths_c, co_window_corner_b,
          co_window_broadway_b, co_window_corner_ca, co_window_unsneaky_path_c,
          co_window_paths_c, co_window_of_opportunity_b, glass_columns_a,
          uniq_rupert, uniq_nessos
D:15:     grunt_enter_depths_magical_seal, layout_long_grid,
          nemelex_spade_bored_becter

Skill      XL: |  1  2  3  4  5  6  7  8  9 10 11 12 13 14 |
---------------+-------------------------------------------+-----
Fighting       | 3 4 5 6 7 8 9 10 | 10.4
Dodging        | 2 3 4 5 7 8 9 10 | 10.5
Stealth        | 1 2 3 5 6 7 8 9 |  9.4
Unarmed Combat | 4 5 6 7 8 10 11 13 14 | 14.9
Armour         | 2 3 4 5 |  5.0
Shields        | 1 2 3 4 5 6 |  6.0
Evocations     | 1 |  1.3
Spellcasting   | |  0.4

Action                   |  1- 3 |  4- 6 |  7- 9 | 10-12 | 13-15 || total
-------------------------+-------+-------+-------+-------+-------++-------
Melee: Unarmed           |    75 |    55 |   279 |   531 |   371 ||  1311
       Bite              |    22 |    14 |   112 |   248 |   220 ||   616
       Punch             |       |     1 |    12 |    42 |       ||    55
Invok: Berserk           |     6 |     3 |     8 |    14 |     9 ||    40
       Trog's Hand       |       |       |     1 |     2 |     2 ||     5
       Brothers in Arms  |       |       |       |     1 |     2 ||     3
Evoke: Wand              |       |       |       |     8 |     2 ||    10
  Use: Scroll            |       |     6 |       |    10 |     2 ||    18
       Potion            |       |       |       |    10 |       ||    10
 Stab: Sleeping          |     3 |     1 |    10 |    14 |    10 ||    38
       Distracted        |       |       |     1 |       |       ||     1
Armor: Robe              |    10 |    13 |    23 |       |       ||    46
       Leather armour    |       |       |    40 |    39 |       ||    79
       Troll leather arm |       |       |       |    42 |   110 ||   152
Dodge: Dodged            |    29 |    48 |   178 |   353 |   266 ||   874
Block: Other             |       |    10 |    71 |    97 |       ||   178
       Reflection        |       |       |       |     3 |     9 ||    12
       Buckler           |       |       |       |    49 |   219 ||   268

Table legend: (Time is in decaauts)
 A = Elapsed time spent in this place.
 B = Non-inter-level travel time spent in this place.
 C = Inter-level travel time spent in this place.
 D = Time resting spent in this place.
 E = Time spent auto-exploring this place.
 F = Levels seen in this place.
 G = Mean time per level.
                   A        B        C        D        E       F      G
               +--------+--------+--------+--------+--------+-----+--------+
         Total |  14115 |  13630 |    485 |   1027 |   9542 |  17 |  830.3 |
       Dungeon |  13182 |  12697 |    485 |    653 |   9368 |  15 |  878.8 |
         Sewer |    134 |    134 |      0 |      0 |     86 |   1 |  134.0 |
      Ice Cave |    798 |    798 |      0 |    374 |     88 |   1 |  798.0 |
               +--------+--------+--------+--------+--------+-----+--------+

Top non-repeatable levels by time:
    D:14: 1456 daAuts
     D:1: 1394 daAuts
    D:10: 1360 daAuts
     D:3: 1112 daAuts
    D:12: 847 daAuts
     D:7: 842 daAuts
     D:8: 833 daAuts
     D:2: 827 daAuts
     D:5: 813 daAuts
   IceCv: 798 daAuts
     D:6: 797 daAuts
    D:15: 702 daAuts
    D:13: 672 daAuts
    D:11: 595 daAuts
     D:9: 527 daAuts
